AoeStats
← Naattt

Arabia

506715163Analyzed
2v2 RM · 19d ago on Sep 14, 2026· 55m 4s· 4 players
Game mode
Random Map
Map size
Medium (4 player)
Population
200
Speed
Normal
Resources
Standard
Victory
Conquest
Starting age
Dark Age
Ending age
Imperial Age
RankedLock teamsTeams togetherTeam positionsShared explorationLock speedFull tech treeHidden civsTurbo modeCheats
Victory
Defeat
🇫🇷 Franks · France
1062
+21
🇫🇷 Italians · France
1062
+21
🇨🇦 Dravidians · Canada
1180
-21
🇩🇪 Armenians · Germany
1165
-21
Newcramer
8:34 Loom
10:54 Feudal Age
17:41 Castle Age
16:14 Double-Bit Axe
16:35 Gold Mining
17:25 Stone Mining
17:50 Horse Collar
19:06 Town Watch
20:35 Pikeman
22:53 Fervor
22:47 Squires
24:17 Sanctity
35:59 Imperial Age
34:04 Scale Mail Armor
34:09 Fletching
34:44 Bow Saw
35:16 Heavy Plow
35:24 Arson
37:05 Gold Shaft Mining
Naattt
6:33 Loom
9:44 Feudal Age
9:49 Man-at-Arms
12:11 Double-Bit Axe
19:12 Gold Mining
19:29 Fletching
25:38 Castle Age
26:26 Bodkin Arrow
26:31 Padded Archer Armor
25:56 Crossbowman
26:41 Thumb Ring
29:05 Ballistics
30:32 Scale Mail Armor
30:22 Horse Collar
36:49 Wheelbarrow
37:02 Medical Corps
37:30 Heavy Plow
42:55 Imperial Age
40:42 Hand Cart
41:03 Leather Archer Armor
43:01 Elite Elephant Archer
43:42 Bracer
43:58 Leather Archer Armor
45:16 Elite Skirmisher
46:28 Ring Archer Armor
47:15 Chemistry
51:43 Forging
51:48 Chain Mail Armor
51:55 Pikeman
52:35 Squires
52:20 Gambesons
52:21 Arson
53:13 Iron Casting
53:34 Plate Mail Armor
53:29 Wootz Steel
Ysnir
6:10 Loom
10:32 Feudal Age
17:12 Fletching
21:34 Double-Bit Axe
21:59 Horse Collar
26:09 Castle Age
25:35 Stone Mining
26:20 Crossbowman
27:15 Bodkin Arrow
36:35 Padded Archer Armor
39:45 Bow Saw
42:26 Leather Archer Armor
43:11 Thumb Ring
45:52 Bloodlines
46:09 Heavy Plow
47:15 Wheelbarrow
48:56 Caravan
49:22 Silk Road
50:18 Bloodlines
50:09 Husbandry
49:30 Light Cavalry
50:40 Hand Cart
53:05 Imperial Age
53:01 Ballistics
53:09 Scale Barding Armor
53:15 Forging
53:11 Gold Mining
53:56 Stone Shaft Mining
54:12 Hussar
55:16 Chain Barding Armor
Blub Ragnarson
11:14 Feudal Age
11:20 Loom
13:21 Double-Bit Axe
14:35 Forging
14:31 Scale Barding Armor
20:35 Castle Age
21:33 Husbandry
25:10 Light Cavalry
28:32 Wheelbarrow
28:29 Bow Saw
30:27 Gold Mining
33:10 Town Watch
36:11 Chain Barding Armor
40:27 Imperial Age
40:28 Cavalier
41:48 Iron Casting
42:44 Paladin
44:02 Plate Barding Armor
44:38 Blast Furnace
44:58 Hand Cart
47:29 Gold Shaft Mining
51:05 Stone Mining
52:34 Conscription
55:00 Chivalry
Connection lost

Rejoining the realm…

Still unreachable

The connection could not be restored.

Session expired

The server has moved on; the page needs a fresh start.